 Dungeon Crawl Stone Soup version 0.21.1-1-g345015f (webtiles) character file.

2503 Kagorn the Fighter (level 9, 0/59 HPs)
             Began as a Gargoyle Berserker on June 11, 2018.
             Was a Priest of Trog.
             Blown up by a wight (21 damage)
             ... with a wand of disintegration (6)
             ... on level 7 of the Dungeon.
             The game lasted 00:59:39 (7048 turns).

Kagorn the Fighter (Gargoyle Berserker)             Turns: 7048, Time: 00:59:40

Health: 0/59       AC: 19    Str: 21    XL:     9   Next: 53%
Magic:  9/9        EV: 12    Int:  8    God:    Trog [***...]
Gold:   151        SH:  0    Dex: 12    Spells: 8/8 levels left

rFire    + . .     SeeInvis .   j - -1 dagger (curse)
rCold    + . .     Gourm    +   (no shield)
rNeg     + . .     Faith    .   n - +4 scale mail
rPois    ∞         Spirit   .   a - +2 hat
rElec    +         Reflect  .   (no cloak)
rCorr    .         Harm     .   (no gloves)
MR       .....                  (no boots)
Stlth    ++........             d - amulet of the gourmand
HPRegen  0.19/turn              C - ring of protection from cold
MPRegen  0.11/turn              D - ring of protection from fire

@: berserk cooldown, slowed, very slow
A: negative energy resistance 1, electricity resistance, unbreathing,
petrification resistance, rot immunity, AC +6
a: Berserk, Trog's Hand, Burn Spellbooks, Renounce Religion


You were on level 7 of the Dungeon.
You worshipped Trog.
Trog was most pleased with you.
You were not hungry.

You visited 1 branch of the dungeon, and saw 7 of its levels.

You collected 361 gold pieces.
You spent 210 gold pieces at shops.

Inventory:

Hand Weapons
 e - a +2 dagger of venom
 j - a cursed -1 dagger (weapon)
 m - a cursed -1 dagger
 r - a +2 halberd
 s - a +0 mace of draining
 t - a +0 dagger of venom
 u - a +0 whip of venom
 y - a +1 dagger of holy wrath
 F - a +2 hand axe of chopping
Missiles
 v - a throwing net (quivered)
 A - 3 tomahawks
Armour
 a - a +2 hat (worn)
 b - a +0 plate armour
 n - a +4 scale mail (worn)
Jewellery
 d - an amulet of the gourmand (around neck)
 C - a ring of protection from cold (left hand)
 D - a ring of protection from fire (right hand)
Scrolls
 f - a scroll of teleportation
 o - 3 scrolls of identify
Potions
 g - 2 potions of agility {unknown}
 h - a potion of heal wounds
 i - a potion of invisibility {unknown}
 k - a potion of lignification {unknown}
 l - a potion of flight {unknown}
 p - 2 potions of resistance {unknown}
 q - 2 potions of magic {unknown}
 w - a potion of ambrosia {unknown}
 x - a potion of curing
 z - a potion of haste {unknown}
 B - a potion of mutation {unknown}
 E - a potion of might {unknown}
Comestibles
 c - 11 rations


   Skills:
 * Level 8.1 Fighting
 - Level 2.4 Short Blades
 - Level 3.6 Maces & Flails
 * Level 4.9 Polearms
 + Level 5.5 Armour
 + Level 4.2 Dodging
 + Level 5.4 Stealth


You had 8 spell levels left.
You didn't know any spells.

Dungeon Overview and Level Annotations

Branches:
Dungeon (7/15)             Temple (0/1) D:5

Altars:
Ashenzari
Elyvilon
Ru
The Shining One

Shops:
D:5 !


Innate Abilities, Weirdness & Mutations

You are resistant to torment.
Your stone body is resilient. (AC +6)
You are immune to poison.
You resist negative energy. (rN+)
You are resistant to electric shocks. (rElec)
You can survive without breathing.
You are immune to petrification.
You are immune to rotting.


Message History

The wight hits you with an enchanted dire flail.
The wight closely misses you.
The wight hits you with an enchanted mace.
The wight hits you but does no damage.
You hit the wight but do no damage.
The wight is almost destroyed.
The wight hits you with an enchanted dire flail.
The wight misses you.
The wight hits you but does no damage. x3
You completely miss the wight.
The wight is almost destroyed.
The wight hits you but does no damage. The wight barely misses you.
The wight hits you with a long sword of protection.
The wight hits you but does no damage.
You hit the wight but do no damage.
The wight is almost destroyed.
The wight hits you but does no damage. x2; The wight closely misses you. x2
You hit the wight but do no damage.
The wight is almost destroyed.
The wight misses you. x3; The wight zaps a wand.
You are blasted!
You die...

#>..............................
#.##.#####..##.###...#.#####..##
#.##.###....##.# #...#.# #..#
#.##........##.###.....# #..##
#.######.#####.......#######....
#.# #.# #.###...##......... #.#
#.# #.# #...##.########
#.######.#####.###...##.########
#............).@z...............
########...).)zzz#..<##.########
#####.........#...##.# #...
#.............#...##.# #.##
#.......(.(...#...##.# #.##
#....(........#......# #.##
#.....#####'####.###.#####.##
#.....# #.# #.#.........##
#.....#####'####.#.####......


You could see 4 wights.

Vanquished Creatures
  Grinder (D:5)
  The ghost of inc the Conjurer, an amateur OpCj (D:5)
  A water moccasin (D:7)
  2 orc warriors
  2 ogres (D:7)
  A phantom (D:6)
  2 big kobolds
  2 bullfrogs
  A gnoll sergeant (D:5)
  A scorpion (D:5)
  The ghost of johnjohn the Skirmisher, a weakling MiFi (D:4)
  A wight (D:7)
  A howler monkey (D:6)
  A centaur zombie (D:5)
  A crimson imp (D:4)
  2 jellies
  5 orc priests
  2 bullfrog skeletons
  3 hounds
  A gnoll shaman (D:7)
  An iguana (D:7)
  Terence (D:3)
  5 orc wizards
  5 worker ants
  A hound zombie (D:5)
  A worker ant zombie (D:6)
  11 gnolls
  A howler monkey skeleton (D:4)
  13 adders
  A shadow imp (D:7)
  An ooze (D:1)
  An adder zombie (D:7)
  4 worms
  4 dart slugs
  A leopard gecko (D:3)
  19 orcs
  A ball python (D:1)
  10 giant cockroaches
  4 goblins
  6 hobgoblins
  15 kobolds
  A quokka (D:5)
  9 bats
  5 frilled lizards
  A leopard gecko skeleton (D:4)
  A quokka zombie (D:5)
  10 rats
165 creatures vanquished.

Vanquished Creatures (others)
  A rat (D:2)
1 creature vanquished.

Grand Total: 166 creatures vanquished

Notes
Turn   | Place    | Note
-------+----------+-------------------------------------------
     0 | D:1      | Kagorn the Gargoyle Berserker began the quest for the Orb.
     0 | D:1      | Reached XP level 1. HP: 14/14 MP: 1/1
    57 | D:1      | Reached XP level 2. HP: 18/19 MP: 2/2
   448 | D:1      | Reached XP level 3. HP: 21/24 MP: 3/3
   824 | D:2      | Reached skill level 1 in Stealth
   874 | D:2      | Reached skill level 4 in Fighting
   880 | D:2      | Reached ** piety under Trog
   880 | D:2      | Reached XP level 4. HP: 13/29 MP: 4/4
   905 | D:2      | Found a shattered altar of Ashenzari.
  2096 | D:3      | Reached skill level 1 in Short Blades
  2096 | D:3      | Reached XP level 5. HP: 25/34 MP: 5/5
  2101 | D:3      | Noticed Terence
  2111 | D:3      | Killed Terence
  2318 | D:3      | Found a sacrificial altar of Ru.
  2321 | D:3      | Found a glowing golden altar of the Shining One.
  2323 | D:3      | Found a white marble altar of Elyvilon.
  2695 | D:4      | Reached XP level 6. HP: 40/40 MP: 6/6
  2720 | D:4      | Reached *** piety under Trog
  2735 | D:4      | Reached skill level 5 in Fighting
  3079 | D:4      | Reached XP level 7. HP: 42/44 MP: 7/7
  3197 | D:4      | Noticed johnjohn's ghost (weakling MiFi)
  3205 | D:4      | Killed johnjohn's ghost
  3205 | D:4      | Reached skill level 1 in Polearms
  3284 | D:5      | Entered Level 5 of the Dungeon
  3489 | D:5      | Noticed Grinder
  3497 | D:5      | Killed Grinder
  3497 | D:5      | Reached skill level 6 in Fighting
  3633 | D:5      | Reached XP level 8. HP: 50/51 MP: 8/8
  3728 | D:5      | Found Godamouh's Distillery.
  3737 | D:5      | Bought a potion of curing for 42 gold pieces
  3737 | D:5      | Bought a potion of curing for 42 gold pieces
  3737 | D:5      | Bought a potion of curing for 42 gold pieces
  3737 | D:5      | Bought a potion of curing for 42 gold pieces
  3737 | D:5      | Bought a potion of curing for 42 gold pieces
  3881 | D:5      | Noticed inc's ghost (amateur OpCj)
  3917 | D:5      | Killed inc's ghost
  4049 | D:5      | Found a staircase to the Ecumenical Temple.
  4258 | D:5      | Got a warped robe
  4272 | D:5      | Identified the +3 robe "Fital" {Int+3} (You took it off a big kobold on level 5 of the Dungeon)
  4806 | D:6      | Reached skill level 7 in Fighting
  4857 | D:6      | Got a topaz-encrusted leather armour
  5578 | D:6      | Reached skill level 5 in Armour
  5578 | D:6      | Reached XP level 9. HP: 29/57 MP: 9/9
  5743 | D:6      | Identified the +0 leather armour of Zunod {rC- Int+8} (You found it on level 6 of the Dungeon)
  6190 | D:7      | Reached skill level 5 in Stealth
  6305 | D:7      | Reached **** piety under Trog
  6653 | D:7      | Reached skill level 8 in Fighting
  7048 | D:7      | Blown up by a wight

Skill      XL: |  1  2  3  4  5  6  7  8  9 |
---------------+----------------------------+-----
Stealth        | 1 2 3 4 5 |  5.4
Fighting       | 4 5 6 7 8 |  8.1
Dodging        | 2 3 4 |  4.2
Short Blades   | 1 2 |  2.4
Armour         | 3 4 5 |  5.5
Polearms       | 2 4 |  4.9
Maces & Flails | |  3.6

Action                   |  1- 3 |  4- 6 |  7- 9 || total
-------------------------+-------+-------+-------++-------
Melee: Mace              |    46 |       |       ||    46
       Dagger            |    21 |   210 |   824 ||  1055
       Halberd           |       |    10 |   159 ||   169
Invok: Trog's Hand       |       |     3 |    11 ||    14
       Berserk           |       |     3 |     9 ||    12
  Use: Scroll            |     1 |     8 |     6 ||    15
       Potion            |       |       |     9 ||     9
 Stab: Sleeping          |     2 |     2 |       ||     4
  Eat: Chunk             |    10 |    12 |    16 ||    38
       Ration            |       |       |     2 ||     2
Armor: Animal skin       |    35 |    31 |       ||    66
       Chain mail        |       |    58 |       ||    58
       Scale mail        |       |     5 |   618 ||   623
Dodge: Dodged            |    66 |   138 |   652 ||   856
